Senators vs Flames

Created - Sunday, November 16, 2014 at 01:57

Goals
1 2 3 T
Senators 1 2 2 5
Flames 0 1 0 1
Shots
1 2 3 T
Senators 9 15 14 38
Flames 10 7 15 32

1st period

1. Senators , Nazem Kadri 5 (Kyle Okposo, Fedor Tyutin) at 12:24 (PP)

Penalties :
Justin Faulk (Cal) for Slashing (Minor) at 12:02, Justin Faulk (Cal) for Slashing (Minor) at 14:24

2nd period

2. Senators , Kyle Okposo 8 (Nazem Kadri) at 0:39
3. Senators , Fedor Tyutin 4 (Zach Bogosian, Nazem Kadri) at 4:01 (PP)
4. Flames , Andrew Cogliano 2 (Jacob Trouba) at 8:49 (SH)

Penalties :
Matt Irwin (Cal) for Roughing (Minor) at 3:43, Mike Smith (Cal) for Abuse of Officials (Major / Game Misconduct) at 7:33 - Jamie McGinn served the penalty, Andrew Cogliano (Cal) for Holding (Minor) at 13:27, Jacob Trouba (Cal) for Roughing (Minor) at 18:58

3rd period

5. Senators , Justin Schultz 4 (Johnny Oduya, Nazem Kadri) at 6:56
6. Senators , Phil Kessel 6 (Fedor Tyutin, Jonathan Toews) at 13:34 (PP)

Penalties :
Matt Greene (Ott) for Hooking (Minor) at 3:44, Zach Bogosian (Ott) for Roughing (Minor) at 7:57, Justin Faulk (Cal) for Holding (Minor) at 13:21, Justin Faulk (Cal) for Hooking (Minor) at 14:09

Goalie Stats

Steve Mason (Ott), 31 saves from 32 shots - (0.969), W, 7-9-1, 60:00 minutes
Mike Smith (Cal), 18 saves from 21 shots - (0.857), L, 4-8-4, 27:33 minutes
Michael Hutchinson (Cal), 15 saves from 17 shots - (0.882), 32:27 minutes

Players Stats for Senators

Player Name              G  A  P  +/- PIM S  H  SB GA TA FO     MP     PP MP  PK MP  
------------------------------------------------------------------------------------
Brad Richards            0  0  0   0  0   6  0  1  0  0  4/8    11:39   0:00   0:01 
Colin Greening           0  0  0   0  0   0  1  0  0  2  0/1    15:10   0:40   2:58 
Erik Gudbranson          0  0  0   0  0   0  0  0  0  0  0/0     0:00   0:00   0:00 
Fedor Tyutin             1  2  3   0  0   3  1  7  0  1  0/0    27:05   8:41   3:07 
Johnny Oduya             0  1  1   1  0   2  1  0  0  1  0/0    20:17   5:07   1:29 
Jonathan Toews           0  1  1   0  0   1  0  0  2  0  9/18   23:08   6:25   0:14 
Justin Schultz           1  0  1   1  0   3  2  0  1  0  0/0    22:16   5:07   2:12 
Kyle Chipchura           0  0  0   0  0   0  1  0  0  0  5/9     8:39   0:00   3:06 
Kyle Clifford            0  0  0   0  0   0  1  0  0  0  1/1     5:33   0:00   0:00 
Kyle Okposo              1  1  2   1  0   6  2  0  5  0  0/1    19:55   6:43   0:00 
Matt Greene              0  0  0   0  2   1  1  0  0  0  0/0    10:19   0:00   0:00 
Nazem Kadri              1  3  4   1  0   4  2  1  2  0  7/14   20:18   7:01   0:14 
Nikita Nikitin           0  0  0   0  0   1  1  2  1  1  0/0    14:22   0:00   0:00 
Phil Kessel              1  0  1   0  0   5  0  0  3  1  0/1    18:40   6:47   0:00 
Reilly Smith             0  0  0   1  0   1  0  1  0  0  1/1    20:55   7:01   0:45 
Scott Gomez              0  0  0   0  0   0  0  0  1  0  1/1    12:46   0:00   0:38 
Scott Hartnell           0  0  0   0  0   2  1  1  1  0  0/0    18:40   6:47   0:00 
Zach Bogosian            0  1  1   0  2   3  3  1  0  1  0/0    26:13   8:41   1:08 

Players Stats for Flames

Player Name              G  A  P  +/- PIM S  H  SB GA TA FO     MP     PP MP  PK MP  
------------------------------------------------------------------------------------
Aleksander Barkov        0  0  0   0  0   2  0  1  0  0  4/12    9:31   0:00   0:00 
Alex Tanguay             0  0  0  -1  0   3  0  0  0  1  0/0    11:16   0:00   0:36 
Andrew Cogliano          1  0  1   1  2   1  1  0  1  0  0/0    17:08   2:01   5:48 
Brian Campbell           0  0  0   1  0   4  2  0  0  1  0/0    25:17   1:35   4:43 
Charlie Coyle            0  0  0  -1  0   3  2  0  4  0  0/1    11:21   0:00   0:56 
Dougie Hamilton          0  0  0   0  0   2  1  1  1  0  0/0    13:57   2:23   0:00 
Evgeny Kuznetsov         0  0  0   0  0   2  0  0  0  0  0/0    10:22   0:00   0:36 
Jacob Trouba             0  1  1  -2  2   2  1  2  0  1  0/0    23:55   0:00   8:41 
Jamie McGinn             0  0  0  -1  0   0  1  0  2  0  0/0    12:59   1:57   0:00 
Jason Pominville         0  0  0   0  0   2  0  0  4  0  0/1    11:06   2:01   0:00 
Jason Spezza             0  0  0  -1  0   1  0  1  3  0  3/7    12:38   1:57   0:00 
Jordan Staal             0  0  0   0  0   2  1  1  0  0  6/8    11:06   2:01   0:00 
Justin Faulk             0  0  0   1  8   0  1  0  0  1  0/0    21:28   1:35   4:24 
Manny Malhotra           0  0  0   0  0   0  1  0  0  1  6/8    18:15   0:00   6:28 
Matt Irwin               0  0  0   0  2   1  1  0  0  0  0/0    14:01   0:00   0:43 
Michael Frolik           0  0  0  -1  0   3  0  3  3  1  1/3    21:22   1:57   6:28 
Mikael Backlund          0  0  0   0  0   3  0  1  0  1  7/15   17:09   0:00   6:44 
TJ Brodie                0  0  0  -2  0   1  1  2  0  1  0/0    23:09   2:23   9:05 

3 Stars

1 - Nazem Kadri (Ott)
2 - Fedor Tyutin (Ott)
3 - Steve Mason (Ott)

Power Play

Senators - 3 on 8 Attempt(s) - 37.50%
Flames - 0 on 2 Attempt(s) - 0.00%

Penalty Kill

Senators - 2 on 2 Attempt(s) - 100.00% - Score 0 goal in Penalty Kill
Flames - 5 on 8 Attempt(s) - 62.50% - Score 1 goal in Penalty Kill

Official

Referees : Unknown
Linesman : Unknown

Game Notes

Mike Smith ejected from game at 7:33 of 2nd period
Michael Hutchinson enters game at 7:33 of 2nd period
Matt Greene is injured at 5:50 of 3rd period (Strained Back)

Finance

Level 1 -- Attendance: 4496 (74.93%) -- Ticket Income $449,600
Level 2 -- Attendance: 3841 (76.82%) -- Ticket Income $230,460
Level 3 -- Attendance: 1362 (68.10%) -- Ticket Income $47,670
Level 4 -- Attendance: 3106 (77.65%) -- Ticket Income $62,120
Luxury Box -- Attendance: 669 (66.90%) -- Ticket Income $133,800
Game was played at the Pengrowth Saddledome
Total Attendance: 13474 (74.86%)
Total Ticket Income: $923,650
Other Income: $452,588
Total Income: $1,376,238

Senators

5 vs 5 Forward 
   Center                   Left Wing                Right Wing               Time % Phy DF OF 
 1 Jonathan Toews           Scott Hartnell           Phil Kessel              35     1   1  3  
 2 Nazem Kadri              Reilly Smith             Kyle Okposo              30     1   1  3  
 3 Brad Richards            Colin Greening           Scott Gomez              22     2   2  1  
 4 Kyle Chipchura           Kyle Clifford            Jonathan Toews           13     2   2  1  

5 vs 5 Defense 
   Defense                  Defense                                           Time % Phy DF OF 
 1 Fedor Tyutin             Zach Bogosian                                     35     1   2  2  
 2 Johnny Oduya             Justin Schultz                                    30     1   2  2  
 3 Nikita Nikitin           Matt Greene                                       22     1   3  1  
 4 Fedor Tyutin             Zach Bogosian                                     13     1   2  2  

PowerPlay Forward 
   Center                   Left Wing                Right Wing               Time % Phy DF OF 
 1 Jonathan Toews           Scott Hartnell           Phil Kessel              60     0   1  4  
 2 Nazem Kadri              Reilly Smith             Kyle Okposo              40     0   1  4  

PowerPlay Defense
   Defense                  Defense                                           Time % Phy DF OF 
 1 Fedor Tyutin             Zach Bogosian                                     60     1   1  3  
 2 Johnny Oduya             Justin Schultz                                    40     1   1  3  

Penalty Kill 4 Players Forward 
   Center                   Wing                     Time % Phy DF OF 
 1 Kyle Chipchura           Colin Greening           60     1   3  1  
 2 Jonathan Toews           Nazem Kadri              40     1   3  1  

Penalty Kill 4 Players Defense
   Defense                  Defense                  Time % Phy DF OF 
 1 Fedor Tyutin             Zach Bogosian            60     1   4  0  
 2 Johnny Oduya             Matt Greene              40     1   4  0  

Penalty Kill - 3 Players Forward 
   Forward                                           Time % Phy DF OF 
 1 Kyle Chipchura                                    60     1   4  0  
 2 Jonathan Toews                                    40     1   4  0  

Penalty Kill - 3 Players Defense
   Defense                  Defense                  Time % Phy DF OF 
 1 Fedor Tyutin             Zach Bogosian            60     1   4  0  
 2 Johnny Oduya             Matt Greene              40     1   4  0  

4 vs 4 Forward 
   Center                   Wing                     Time % Phy DF OF 
 1 Jonathan Toews           Phil Kessel              60     1   1  3  
 2 Nazem Kadri              Kyle Okposo              40     1   1  3  

4 vs 4 Defense
   Defense                  Defense                  Time % Phy DF OF 
 1 Fedor Tyutin             Zach Bogosian            60     1   2  2  
 2 Johnny Oduya             Matt Greene              40     1   2  2  

Last Minutes Offensive
   Center                   Left Wing                Right Wing               Defense                  Defense                  
   Nazem Kadri              Scott Hartnell           Phil Kessel              Fedor Tyutin             Zach Bogosian            

Last Minutes Defensive
   Center                   Left Wing                Right Wing               Defense                  Defense                  
   Nazem Kadri              Scott Hartnell           Phil Kessel              Fedor Tyutin             Zach Bogosian            

Goaltenders
Starting : Steve Mason              
Backup : James Reimer             

Extra Forwards
Normal : Nazem Kadri, Colin Greening, Reilly Smith - PP : Nazem Kadri, Colin Greening - PK : Reilly Smith
Extra Defensemen
Normal : Justin Schultz, Zach Bogosian, Johnny Oduya - PP : Justin Schultz - PK : Justin Schultz, Johnny Oduya
Penalty Shots
Nazem Kadri, Phil Kessel, Kyle Okposo, Brad Richards, Scott Hartnell

Flames

5 vs 5 Forward 
   Center                   Left Wing                Right Wing               Time % Phy DF OF 
 1 Jordan Staal             Andrew Cogliano          Jason Pominville         25     1   2  2  
 2 Jason Spezza             Michael Frolik           Jamie McGinn             25     1   2  2  
 3 Mikael Backlund          Alex Tanguay             Charlie Coyle            25     1   2  2  
 4 Aleksander Barkov        Manny Malhotra           Evgeny Kuznetsov         25     1   2  2  

5 vs 5 Defense 
   Defense                  Defense                                           Time % Phy DF OF 
 1 Brian Campbell           Justin Faulk                                      36     1   2  2  
 2 TJ Brodie                Jacob Trouba                                      30     1   2  2  
 3 Dougie Hamilton          Matt Irwin                                        24     1   2  2  
 4 Brian Campbell           Jacob Trouba                                      10     1   2  2  

PowerPlay Forward 
   Center                   Left Wing                Right Wing               Time % Phy DF OF 
 1 Jordan Staal             Andrew Cogliano          Jason Pominville         50     0   0  5  
 2 Jason Spezza             Michael Frolik           Jamie McGinn             50     0   0  5  

PowerPlay Defense
   Defense                  Defense                                           Time % Phy DF OF 
 1 Brian Campbell           Justin Faulk                                      50     0   0  5  
 2 TJ Brodie                Dougie Hamilton                                   50     0   0  5  

Penalty Kill 4 Players Forward 
   Center                   Wing                     Time % Phy DF OF 
 1 Manny Malhotra           Michael Frolik           50     1   4  0  
 2 Mikael Backlund          Andrew Cogliano          50     1   4  0  

Penalty Kill 4 Players Defense
   Defense                  Defense                  Time % Phy DF OF 
 1 Brian Campbell           Justin Faulk             50     0   5  0  
 2 TJ Brodie                Jacob Trouba             50     1   4  0  

Penalty Kill - 3 Players Forward 
   Forward                                           Time % Phy DF OF 
 1 Manny Malhotra                                    50     0   5  0  
 2 Mikael Backlund                                   50     0   5  0  

Penalty Kill - 3 Players Defense
   Defense                  Defense                  Time % Phy DF OF 
 1 Brian Campbell           Justin Faulk             50     0   5  0  
 2 TJ Brodie                Jacob Trouba             50     0   5  0  

4 vs 4 Forward 
   Center                   Wing                     Time % Phy DF OF 
 1 Jordan Staal             Jason Pominville         50     1   2  2  
 2 Jason Spezza             Andrew Cogliano          50     1   2  2  

4 vs 4 Defense
   Defense                  Defense                  Time % Phy DF OF 
 1 Brian Campbell           Justin Faulk             50     1   2  2  
 2 TJ Brodie                Jacob Trouba             50     1   2  2  

Last Minutes Offensive
   Center                   Left Wing                Right Wing               Defense                  Defense                  
   Jason Spezza             Andrew Cogliano          Jason Pominville         Brian Campbell           Justin Faulk             

Last Minutes Defensive
   Center                   Left Wing                Right Wing               Defense                  Defense                  
   Jordan Staal             Andrew Cogliano          Michael Frolik           TJ Brodie                Jacob Trouba             

Goaltenders
Starting : Mike Smith               
Backup : Michael Hutchinson       

Extra Forwards
Normal : Mikael Backlund, Alex Tanguay, Charlie Coyle - PP : Mikael Backlund, Alex Tanguay - PK : Charlie Coyle
Extra Defensemen
Normal : Dougie Hamilton, Matt Irwin, TJ Brodie - PP : Dougie Hamilton - PK : Matt Irwin, TJ Brodie
Penalty Shots
Jordan Staal, Jason Pominville, Jason Spezza, Andrew Cogliano, Michael Frolik

% Time on Ice - Senators

Lines # - Real PCT - Wanted PCT - Time Play
Normal Forward
1 - 30% - 35% - 12:30
2 - 30% - 30% - 12:39
3 - 27% - 22% - 11:32
4 - 13% - 13% - 5:33
Normal Defense
1 - 30% - 35% - 12:48
2 - 31% - 30% - 13:04
3 - 34% - 22% - 14:22
4 - 5% - 13% - 2:00
PP Forward
1 - 49% - 60% - 6:47
2 - 51% - 40% - 7:01
PP Defense
1 - 63% - 60% - 8:41
2 - 37% - 40% - 5:07
PK Forward
1 - 94% - 60% - 3:44
2 - 6% - 40% - 0:14
PK Defense
1 - 63% - 60% - 2:29
2 - 37% - 40% - 1:29
PK3 Forward
1 - 0% - 60%
2 - 0% - 40%
PK3 Defense
1 - 0% - 60%
2 - 0% - 40%
44 Forward
1 - 0% - 60%
2 - 0% - 40%
44 Defense
1 - 0% - 60%
2 - 0% - 40%
Last Minute Offensive  - 0:00
Last Minute Defensive  - 0:00
Total
Forward - 60:00
Defense - 60:00

% Time on Ice - Flames

Lines # - Real PCT - Wanted PCT - Time Play
Normal Forward
1 - 27% - 25% - 11:21
2 - 26% - 25% - 10:57
3 - 25% - 25% - 10:25
4 - 23% - 25% - 9:31
Normal Defense
1 - 37% - 36% - 15:25
2 - 28% - 30% - 11:41
3 - 27% - 24% - 11:33
4 - 8% - 10% - 3:35
PP Forward
1 - 51% - 50% - 2:01
2 - 49% - 50% - 1:57
PP Defense
1 - 40% - 50% - 1:35
2 - 60% - 50% - 2:23
PK Forward
1 - 47% - 50% - 6:28
2 - 53% - 50% - 7:20
PK Defense
1 - 34% - 50% - 4:43
2 - 66% - 50% - 9:05
PK3 Forward
1 - 0% - 50%
2 - 0% - 50%
PK3 Defense
1 - 0% - 50%
2 - 0% - 50%
44 Forward
1 - 0% - 50%
2 - 0% - 50%
44 Defense
1 - 0% - 50%
2 - 0% - 50%
Last Minute Offensive  - 0:00
Last Minute Defensive  - 0:00
Total
Forward - 60:00
Defense - 60:00

Play by Play

1st period


0:01 of 1st period - Jordan Staal wins face-off versus Jonathan Toews in neutral zone.
0:24 of 1st period - Snap shot by Jonathan Toews.
0:24 of 1st period - Shot Blocked by Jordan Staal.
0:26 of 1st period - Wrist shot by Zach Bogosian.
0:26 of 1st period - Stopped by Mike Smith with a rebound.
2:04 of 1st period - Wrist shot by Charlie Coyle.
2:04 of 1st period - Stopped by Steve Mason without a rebound.
2:05 of 1st period - Aleksander Barkov wins face-off versus Kyle Chipchura in Senators zone.
2:16 of 1st period - Wrist shot by Aleksander Barkov.
2:16 of 1st period - Deflect By Evgeny Kuznetsov.
2:16 of 1st period - Shot Misses the Net.
2:16 of 1st period - Puck is out of play.
2:17 of 1st period - Aleksander Barkov wins face-off versus Kyle Chipchura in Senators zone.
3:25 of 1st period - Jacob Trouba is hit by Colin Greening and loses puck.
3:48 of 1st period - Wrist shot by Phil Kessel.
3:48 of 1st period - Stopped by Mike Smith without a rebound.
3:49 of 1st period - Jason Spezza wins face-off versus Jonathan Toews in Flames zone.
4:42 of 1st period - Wrist shot by Nazem Kadri.
4:42 of 1st period - Shot Misses the Net.
4:44 of 1st period - Slapshot by Nikita Nikitin.
4:44 of 1st period - Deflect By Jason Pominville.
4:44 of 1st period - Stopped by Mike Smith with a rebound.
4:46 of 1st period - Snap shot by Nazem Kadri.
4:46 of 1st period - Stopped by Mike Smith without a rebound.
4:47 of 1st period - Jordan Staal wins face-off versus Brad Richards in Flames zone.
4:47 of 1st period - Jordan Staal is hit by Nikita Nikitin.
5:49 of 1st period - Wrist shot by Jonathan Toews.
5:49 of 1st period - Shot Blocked by Dougie Hamilton.
5:51 of 1st period - Snap shot by Scott Hartnell.
5:51 of 1st period - Shot Blocked by Aleksander Barkov.
6:03 of 1st period - Fedor Tyutin is hit by Dougie Hamilton and loses puck.
6:34 of 1st period - Charlie Coyle is hit by Kyle Okposo and loses puck.
6:41 of 1st period - Fedor Tyutin is hit by Charlie Coyle and loses puck.
7:05 of 1st period - Snap shot by Jason Spezza.
7:05 of 1st period - Shot Misses the Net.
7:07 of 1st period - Slapshot by Brian Campbell.
7:07 of 1st period - Shot Blocked by Reilly Smith.
7:33 of 1st period - Brad Richards is hit by Brian Campbell and loses puck.
7:46 of 1st period - Snap shot by Andrew Cogliano.
7:46 of 1st period - Shot Misses the Net.
7:48 of 1st period - Slapshot by Jacob Trouba.
7:48 of 1st period - Stopped by Steve Mason with a rebound.
7:50 of 1st period - Slapshot by Jacob Trouba.
7:50 of 1st period - Shot Misses the Net.
8:18 of 1st period - Snap shot by Aleksander Barkov.
8:18 of 1st period - Stopped by Steve Mason with a rebound.
8:20 of 1st period - Backhand shot by Jacob Trouba.
8:20 of 1st period - Shot Misses the Net.
8:22 of 1st period - Wrist shot by Manny Malhotra.
8:22 of 1st period - Shot Misses the Net.
8:24 of 1st period - Slapshot by Jacob Trouba.
8:24 of 1st period - Shot Misses the Net.
9:05 of 1st period - Snap shot by Phil Kessel.
9:05 of 1st period - Shot Misses the Net.
9:07 of 1st period - Slapshot by Nikita Nikitin.
9:07 of 1st period - Shot Blocked by Mikael Backlund.
9:11 of 1st period - Snap shot by Scott Hartnell.
9:11 of 1st period - Shot Misses the Net.
9:35 of 1st period - Snap shot by Jonathan Toews.
9:35 of 1st period - Deflect By Kyle Clifford.
9:35 of 1st period - Shot Misses the Net.
9:35 of 1st period - Puck is out of play.
9:36 of 1st period - Kyle Chipchura wins face-off versus Jason Spezza in Flames zone.
10:47 of 1st period - Off-side.
10:48 of 1st period - Kyle Chipchura wins face-off versus Aleksander Barkov in neutral zone.
10:58 of 1st period - Slapshot by TJ Brodie.
10:58 of 1st period - Shot Blocked by Nazem Kadri.
11:28 of 1st period - Snap shot by Brad Richards.
11:28 of 1st period - Stopped by Mike Smith with a rebound.
11:30 of 1st period - Snap shot by Brad Richards.
11:30 of 1st period - Stopped by Mike Smith without a rebound.
11:31 of 1st period - Brad Richards wins face-off versus Jordan Staal in Flames zone.
12:02 of 1st period - Minor Penalty to Justin Faulk for Slashing.
12:03 of 1st period - Manny Malhotra wins face-off versus Nazem Kadri in Flames zone.
12:24 of 1st period - Snap shot by Nazem Kadri.
12:24 of 1st period - Goal by Nazem Kadri - Senators : 1 - Flames : 0.
12:25 of 1st period - Scott Gomez wins face-off versus Mikael Backlund in neutral zone.
12:34 of 1st period - Snap shot by Alex Tanguay.
12:34 of 1st period - Stopped by Steve Mason with a rebound.
12:36 of 1st period - Snap shot by Mikael Backlund.
12:36 of 1st period - Shot Blocked by Fedor Tyutin.
12:46 of 1st period - Snap shot by Brad Richards.
12:46 of 1st period - Shot Blocked by Jacob Trouba.
12:48 of 1st period - Snap shot by Fedor Tyutin.
12:48 of 1st period - Deflect By Brian Campbell.
12:48 of 1st period - Stopped by Mike Smith without a rebound.
12:49 of 1st period - Nazem Kadri wins face-off versus Aleksander Barkov in Flames zone.
13:26 of 1st period - Slapshot by Brian Campbell.
13:26 of 1st period - Stopped by Steve Mason with a rebound.
13:47 of 1st period - Fedor Tyutin is hit by Jamie McGinn and loses puck.
14:16 of 1st period - Snap shot by Phil Kessel.
14:16 of 1st period - Shot Misses the Net.
14:18 of 1st period - Wrist shot by Jonathan Toews.
14:18 of 1st period - Shot Misses the Net.
14:24 of 1st period - Minor Penalty to Justin Faulk for Slashing.
14:25 of 1st period - Mikael Backlund wins face-off versus Jonathan Toews in Flames zone.
14:31 of 1st period - Icing by Zach Bogosian.
14:32 of 1st period - Jonathan Toews wins face-off versus Mikael Backlund in Senators zone.
14:45 of 1st period - Wrist shot by Scott Hartnell.
14:45 of 1st period - Deflect By Phil Kessel.
14:45 of 1st period - Shot Misses the Net.
14:45 of 1st period - Puck is out of play.
14:46 of 1st period - Mikael Backlund wins face-off versus Nazem Kadri in Flames zone.
14:55 of 1st period - Snap shot by Kyle Okposo.
14:55 of 1st period - Stopped by Mike Smith with a rebound.
16:24 of 1st period - Penalty to Justin Faulk is over, Justin Faulk is back on ice.
16:36 of 1st period - Wrist shot by Zach Bogosian.
16:36 of 1st period - Shot Blocked by Michael Frolik.
17:04 of 1st period - Slapshot by Alex Tanguay.
17:04 of 1st period - Stopped by Steve Mason without a rebound.
17:05 of 1st period - Kyle Clifford wins face-off versus Jordan Staal in Senators zone.
17:10 of 1st period - Jordan Staal is hit by Kyle Chipchura and loses puck.
17:56 of 1st period - Wrist shot by Evgeny Kuznetsov.
17:56 of 1st period - Stopped by Steve Mason without a rebound.
17:57 of 1st period - Nazem Kadri wins face-off versus Aleksander Barkov in Senators zone.
19:14 of 1st period - Snap shot by Jamie McGinn.
19:14 of 1st period - Shot Blocked by Brad Richards.
19:16 of 1st period - Snap shot by TJ Brodie.
19:16 of 1st period - Shot Misses the Net.
19:18 of 1st period - Wrist shot by Jason Spezza.
19:18 of 1st period - Stopped by Steve Mason with a rebound.
19:20 of 1st period - Snap shot by Michael Frolik.
19:20 of 1st period - Stopped by Steve Mason with a rebound.
19:30 of 1st period - Snap shot by Michael Frolik.
19:30 of 1st period - Stopped by Steve Mason with a rebound.
Goals for this period are 1 for Senators vs 0 for Flames.
Shots for this period are 9 for Senators vs 10 for Flames.

2nd period


0:01 of 2nd period - Mikael Backlund wins face-off versus Jonathan Toews in neutral zone.
0:29 of 2nd period - Icing by TJ Brodie.
0:30 of 2nd period - Nazem Kadri wins face-off versus Mikael Backlund in Flames zone.
0:39 of 2nd period - Slapshot by Kyle Okposo.
0:39 of 2nd period - Goal by Kyle Okposo - Senators : 2 - Flames : 0.
0:40 of 2nd period - Jordan Staal wins face-off versus Jonathan Toews in neutral zone.
1:38 of 2nd period - Slapshot by Nazem Kadri.
1:38 of 2nd period - Stopped by Mike Smith with a rebound.
1:40 of 2nd period - Slapshot by Johnny Oduya.
1:40 of 2nd period - Stopped by Mike Smith with a rebound.
3:08 of 2nd period - Slapshot by Charlie Coyle.
3:08 of 2nd period - Shot Blocked by Fedor Tyutin.
3:10 of 2nd period - Snap shot by Dougie Hamilton.
3:10 of 2nd period - Stopped by Steve Mason without a rebound.
3:11 of 2nd period - Kyle Chipchura wins face-off versus Mikael Backlund in Senators zone.
3:11 of 2nd period - Kyle Chipchura is hit by Matt Irwin.
3:33 of 2nd period - Wrist shot by Alex Tanguay.
3:33 of 2nd period - Shot Hit the Post.
3:43 of 2nd period - Minor Penalty to Matt Irwin for Roughing.
3:44 of 2nd period - Manny Malhotra wins face-off versus Nazem Kadri in Flames zone.
3:55 of 2nd period - Wrist shot by Nazem Kadri.
3:55 of 2nd period - Shot Blocked by Michael Frolik.
3:57 of 2nd period - Slapshot by Fedor Tyutin.
3:57 of 2nd period - Stopped by Mike Smith with a rebound.
3:59 of 2nd period - Slapshot by Zach Bogosian.
3:59 of 2nd period - Stopped by Mike Smith with a rebound.
4:01 of 2nd period - Slapshot by Fedor Tyutin.
4:01 of 2nd period - Deflect By Brian Campbell.
4:01 of 2nd period - Goal by Fedor Tyutin - Senators : 3 - Flames : 0.
4:02 of 2nd period - Aleksander Barkov wins face-off versus Phil Kessel in neutral zone.
4:07 of 2nd period - Snap shot by Evgeny Kuznetsov.
4:07 of 2nd period - Shot Blocked by Zach Bogosian.
4:19 of 2nd period - Slapshot by Phil Kessel.
4:19 of 2nd period - Stopped by Mike Smith without a rebound.
4:20 of 2nd period - Jonathan Toews wins face-off versus Aleksander Barkov in Flames zone.
5:20 of 2nd period - Snap shot by Kyle Okposo.
5:20 of 2nd period - Shot Blocked by Michael Frolik.
5:22 of 2nd period - Snap shot by Nazem Kadri.
5:22 of 2nd period - Shot Misses the Net.
5:24 of 2nd period - Wrist shot by Reilly Smith.
5:24 of 2nd period - Stopped by Mike Smith without a rebound.
5:25 of 2nd period - Brad Richards wins face-off versus Mikael Backlund in Flames zone.
5:26 of 2nd period - Slapshot by Justin Schultz.
5:26 of 2nd period - Shot Misses the Net.
5:28 of 2nd period - Slapshot by Johnny Oduya.
5:28 of 2nd period - Stopped by Mike Smith without a rebound.
5:29 of 2nd period - Brad Richards wins face-off versus Charlie Coyle in Flames zone.
6:04 of 2nd period - Snap shot by Mikael Backlund.
6:04 of 2nd period - Stopped by Steve Mason without a rebound.
6:05 of 2nd period - Jordan Staal wins face-off versus Jonathan Toews in Senators zone.
6:14 of 2nd period - Wrist shot by Jason Pominville.
6:14 of 2nd period - Shot Blocked by Fedor Tyutin.
6:16 of 2nd period - Wrist shot by Andrew Cogliano.
6:16 of 2nd period - Shot Blocked by Fedor Tyutin.
6:33 of 2nd period - Snap shot by Andrew Cogliano.
6:33 of 2nd period - Shot Blocked by Fedor Tyutin.
6:35 of 2nd period - Slapshot by Justin Faulk.
6:35 of 2nd period - Deflect By Jason Pominville.
6:35 of 2nd period - Stopped by Steve Mason without a rebound.
6:36 of 2nd period - Nazem Kadri wins face-off versus Aleksander Barkov in Senators zone.
7:03 of 2nd period - Slapshot by Evgeny Kuznetsov.
7:03 of 2nd period - Shot Misses the Net.
7:05 of 2nd period - Slapshot by TJ Brodie.
7:05 of 2nd period - Deflect By Aleksander Barkov.
7:05 of 2nd period - Stopped by Steve Mason without a rebound.
7:06 of 2nd period - Jonathan Toews wins face-off versus Jason Spezza in Senators zone.
7:23 of 2nd period - Snap shot by Phil Kessel.
7:23 of 2nd period - Stopped by Mike Smith with a rebound.
7:25 of 2nd period - Snap shot by Scott Hartnell.
7:25 of 2nd period - Stopped by Mike Smith with a rebound.
7:27 of 2nd period - Slapshot by Zach Bogosian.
7:27 of 2nd period - Shot Misses the Net.
7:33 of 2nd period - Slapshot by Jonathan Toews.
7:33 of 2nd period - Stopped by Mike Smith without a rebound.
7:33 of 2nd period - Major / Game Misconduct Penalty to Mike Smith for Abuse of Officials.
7:33 of 2nd period - Mike Smith is ejected from game.
7:33 of 2nd period - Michael Hutchinson enters game.
7:34 of 2nd period - Nazem Kadri wins face-off versus Mikael Backlund in Flames zone.
7:55 of 2nd period - Wrist shot by Kyle Okposo.
7:55 of 2nd period - Stopped by Michael Hutchinson with a rebound.
7:57 of 2nd period - Snap shot by Fedor Tyutin.
7:57 of 2nd period - Deflect By Nazem Kadri.
7:57 of 2nd period - Shot Misses the Net.
7:57 of 2nd period - Puck is out of play.
7:58 of 2nd period - Jonathan Toews wins face-off versus Manny Malhotra in Flames zone.
8:49 of 2nd period - Snap shot by Andrew Cogliano.
8:49 of 2nd period - Goal by Andrew Cogliano - Senators : 3 - Flames : 1.
8:50 of 2nd period - Reilly Smith wins face-off versus Mikael Backlund in neutral zone.
9:11 of 2nd period - Wrist shot by Kyle Okposo.
9:11 of 2nd period - Stopped by Michael Hutchinson without a rebound.
9:12 of 2nd period - Jonathan Toews wins face-off versus Michael Frolik in Flames zone.
9:28 of 2nd period - Fedor Tyutin is hit by TJ Brodie and loses puck.
11:08 of 2nd period - Andrew Cogliano is hit by Nazem Kadri and loses puck.
12:21 of 2nd period - Brian Campbell is hit by Zach Bogosian and loses puck.
12:32 of 2nd period - Brian Campbell is hit by Kyle Okposo and loses puck.
12:33 of 2nd period - Penalty to Jamie McGinn is over, Jamie McGinn is back on ice.
13:16 of 2nd period - Wrist shot by Brad Richards.
13:16 of 2nd period - Stopped by Michael Hutchinson without a rebound.
13:17 of 2nd period - Kyle Chipchura wins face-off versus Jason Pominville in Flames zone.
13:27 of 2nd period - Minor Penalty to Andrew Cogliano for Holding.
13:28 of 2nd period - Mikael Backlund wins face-off versus Jonathan Toews in Flames zone.
13:33 of 2nd period - Slapshot by TJ Brodie.
13:33 of 2nd period - Shot Misses the Net.
13:57 of 2nd period - Slapshot by Michael Frolik.
13:57 of 2nd period - Stopped by Steve Mason with a rebound.
13:59 of 2nd period - Snap shot by TJ Brodie.
13:59 of 2nd period - Shot Blocked by Fedor Tyutin.
14:01 of 2nd period - Slapshot by TJ Brodie.
14:01 of 2nd period - Shot Blocked by Scott Hartnell.
14:03 of 2nd period - Snap shot by TJ Brodie.
14:03 of 2nd period - Shot Misses the Net.
15:09 of 2nd period - Johnny Oduya is hit by Jacob Trouba and loses puck.
15:22 of 2nd period - Snap shot by Alex Tanguay.
15:22 of 2nd period - Shot Misses the Net.
15:27 of 2nd period - Penalty to Andrew Cogliano is over, Andrew Cogliano is back on ice.
16:10 of 2nd period - Icing by Nikita Nikitin.
16:11 of 2nd period - Jason Spezza wins face-off versus Brad Richards in Senators zone.
16:36 of 2nd period - Jason Spezza is hit by Kyle Clifford and loses puck.
17:42 of 2nd period - Snap shot by Alex Tanguay.
17:42 of 2nd period - Stopped by Steve Mason with a rebound.
18:50 of 2nd period - Matt Greene is hit by Jordan Staal.
18:58 of 2nd period - Minor Penalty to Jacob Trouba for Roughing.
18:59 of 2nd period - Manny Malhotra wins face-off versus Kyle Okposo in Flames zone.
Goals for this period are 2 for Senators vs 1 for Flames.
Shots for this period are 15 for Senators vs 7 for Flames.

3rd period


0:01 of 3rd period - Jonathan Toews wins face-off versus Manny Malhotra in neutral zone.
0:16 of 3rd period - Slapshot by Brian Campbell.
0:16 of 3rd period - Stopped by Steve Mason with a rebound.
0:18 of 3rd period - Wrist shot by Brian Campbell.
0:18 of 3rd period - Stopped by Steve Mason with a rebound.
0:20 of 3rd period - Wrist shot by Brian Campbell.
0:20 of 3rd period - Shot Misses the Net.
0:33 of 3rd period - Snap shot by Mikael Backlund.
0:33 of 3rd period - Stopped by Steve Mason without a rebound.
0:34 of 3rd period - Manny Malhotra wins face-off versus Nazem Kadri in Senators zone.
0:43 of 3rd period - Slapshot by Matt Irwin.
0:43 of 3rd period - Stopped by Steve Mason without a rebound.
0:44 of 3rd period - Manny Malhotra wins face-off versus Nazem Kadri in Senators zone.
0:47 of 3rd period - Snap shot by TJ Brodie.
0:47 of 3rd period - Stopped by Steve Mason without a rebound.
0:48 of 3rd period - Manny Malhotra wins face-off versus Nazem Kadri in Senators zone.
0:58 of 3rd period - Penalty to Jacob Trouba is over, Jacob Trouba is back on ice.
1:01 of 3rd period - Wrist shot by Kyle Okposo.
1:01 of 3rd period - Shot Blocked by TJ Brodie.
1:03 of 3rd period - Slapshot by Justin Schultz.
1:03 of 3rd period - Deflect By Kyle Okposo.
1:03 of 3rd period - Stopped by Michael Hutchinson with a rebound.
1:57 of 3rd period - Wrist shot by Scott Hartnell.
1:57 of 3rd period - Stopped by Michael Hutchinson with a rebound.
2:13 of 3rd period - Slapshot by Brian Campbell.
2:13 of 3rd period - Stopped by Steve Mason without a rebound.
2:14 of 3rd period - Mikael Backlund wins face-off versus Brad Richards in Senators zone.
2:41 of 3rd period - Wrist shot by Brad Richards.
2:41 of 3rd period - Stopped by Michael Hutchinson with a rebound.
2:45 of 3rd period - Snap shot by Colin Greening.
2:45 of 3rd period - Shot Misses the Net.
2:47 of 3rd period - Slapshot by Nikita Nikitin.
2:47 of 3rd period - Shot Misses the Net.
2:49 of 3rd period - Wrist shot by Scott Gomez.
2:49 of 3rd period - Shot Misses the Net.
2:51 of 3rd period - Slapshot by Matt Greene.
2:51 of 3rd period - Stopped by Michael Hutchinson with a rebound.
3:07 of 3rd period - Jordan Staal is hit by Matt Greene and loses puck.
3:16 of 3rd period - Slapshot by Brian Campbell.
3:16 of 3rd period - Shot Misses the Net.
3:18 of 3rd period - Backhand shot by Dougie Hamilton.
3:18 of 3rd period - Deflect By Nazem Kadri.
3:18 of 3rd period - Stopped by Steve Mason with a rebound.
3:44 of 3rd period - Minor Penalty to Matt Greene for Hooking.
3:45 of 3rd period - Michael Frolik wins face-off versus Kyle Chipchura in Senators zone.
3:48 of 3rd period - Wrist shot by Jason Spezza.
3:48 of 3rd period - Shot Blocked by Fedor Tyutin.
5:25 of 3rd period - Slapshot by Justin Schultz.
5:25 of 3rd period - Stopped by Michael Hutchinson with a rebound.
5:44 of 3rd period - Penalty to Matt Greene is over, Matt Greene is back on ice.
5:49 of 3rd period - Matt Greene is hit by Brian Campbell and loses puck.
5:50 of 3rd period - Matt Greene from Senators is injured at 5:50 of 3rd period (Strained Back).
5:51 of 3rd period - Aleksander Barkov wins face-off versus Jonathan Toews in Senators zone.
6:12 of 3rd period - Jacob Trouba is hit by Zach Bogosian and loses puck.
6:43 of 3rd period - Jason Spezza is hit by Zach Bogosian and loses puck.
6:52 of 3rd period - Snap shot by Nazem Kadri.
6:52 of 3rd period - Shot Misses the Net.
6:54 of 3rd period - Backhand shot by Johnny Oduya.
6:54 of 3rd period - Shot Blocked by TJ Brodie.
6:56 of 3rd period - Wrist shot by Justin Schultz.
6:56 of 3rd period - Goal by Justin Schultz - Senators : 4 - Flames : 1.
6:57 of 3rd period - Nazem Kadri wins face-off versus Mikael Backlund in neutral zone.
7:57 of 3rd period - Minor Penalty to Zach Bogosian for Roughing.
7:58 of 3rd period - Jordan Staal wins face-off versus Colin Greening in Senators zone.
8:17 of 3rd period - Wrist shot by Andrew Cogliano.
8:17 of 3rd period - Shot Misses the Net.
8:19 of 3rd period - Snap shot by Andrew Cogliano.
8:19 of 3rd period - Shot Misses the Net.
8:21 of 3rd period - Wrist shot by Jordan Staal.
8:21 of 3rd period - Deflect By Justin Schultz.
8:21 of 3rd period - Stopped by Steve Mason with a rebound.
8:23 of 3rd period - Snap shot by Jordan Staal.
8:23 of 3rd period - Stopped by Steve Mason without a rebound.
8:24 of 3rd period - Kyle Chipchura wins face-off versus Jason Spezza in Senators zone.
8:31 of 3rd period - Justin Faulk is hit by Fedor Tyutin and loses puck.
9:16 of 3rd period - TJ Brodie is hit by Justin Schultz and loses puck.
9:27 of 3rd period - Colin Greening is hit by Andrew Cogliano and loses puck.
9:56 of 3rd period - TJ Brodie is hit by Johnny Oduya and loses puck.
9:57 of 3rd period - Penalty to Zach Bogosian is over, Zach Bogosian is back on ice.
10:26 of 3rd period - Wrist shot by Evgeny Kuznetsov.
10:26 of 3rd period - Stopped by Steve Mason without a rebound.
10:27 of 3rd period - Jonathan Toews wins face-off versus Aleksander Barkov in Senators zone.
10:40 of 3rd period - Nikita Nikitin is hit by Manny Malhotra and loses puck.
11:14 of 3rd period - Snap shot by Charlie Coyle.
11:14 of 3rd period - Stopped by Steve Mason with a rebound.
11:18 of 3rd period - Wrist shot by Charlie Coyle.
11:18 of 3rd period - Stopped by Steve Mason with a rebound.
11:20 of 3rd period - Wrist shot by Jacob Trouba.
11:20 of 3rd period - Stopped by Steve Mason with a rebound.
11:22 of 3rd period - Snap shot by Mikael Backlund.
11:22 of 3rd period - Stopped by Steve Mason with a rebound.
11:24 of 3rd period - Snap shot by Jacob Trouba.
11:24 of 3rd period - Shot Misses the Net.
11:30 of 3rd period - Snap shot by Mikael Backlund.
11:30 of 3rd period - Deflect By Charlie Coyle.
11:30 of 3rd period - Shot Blocked by Nikita Nikitin.
11:30 of 3rd period - Puck is out of play.
11:31 of 3rd period - Jordan Staal wins face-off versus Nazem Kadri in Senators zone.
11:54 of 3rd period - Snap shot by Jason Pominville.
11:54 of 3rd period - Stopped by Steve Mason without a rebound.
11:55 of 3rd period - Jason Spezza wins face-off versus Brad Richards in Senators zone.
12:12 of 3rd period - Snap shot by Scott Gomez.
12:12 of 3rd period - Deflect By Jacob Trouba.
12:12 of 3rd period - Shot Blocked by Jacob Trouba.
12:12 of 3rd period - Puck is out of play.
12:13 of 3rd period - Brad Richards wins face-off versus Jason Spezza in Flames zone.
13:06 of 3rd period - Wrist shot by Kyle Okposo.
13:06 of 3rd period - Stopped by Michael Hutchinson with a rebound.
13:08 of 3rd period - Slapshot by Justin Schultz.
13:08 of 3rd period - Shot Blocked by Jason Spezza.
13:10 of 3rd period - Slapshot by Zach Bogosian.
13:10 of 3rd period - Deflect By TJ Brodie.
13:10 of 3rd period - Stopped by Michael Hutchinson with a rebound.
13:12 of 3rd period - Snap shot by Nazem Kadri.
13:12 of 3rd period - Stopped by Michael Hutchinson without a rebound.
13:13 of 3rd period - Jonathan Toews wins face-off versus Aleksander Barkov in Flames zone.
13:21 of 3rd period - Minor Penalty to Justin Faulk for Holding.
13:22 of 3rd period - Mikael Backlund wins face-off versus Jonathan Toews in Flames zone.
13:34 of 3rd period - Slapshot by Fedor Tyutin.
13:34 of 3rd period - Deflect By Phil Kessel.
13:34 of 3rd period - Goal by Phil Kessel - Senators : 5 - Flames : 1.
13:35 of 3rd period - Jonathan Toews wins face-off versus Aleksander Barkov in neutral zone.
14:02 of 3rd period - Snap shot by Phil Kessel.
14:02 of 3rd period - Shot Misses the Net.
14:04 of 3rd period - Snap shot by Justin Schultz.
14:04 of 3rd period - Shot Misses the Net.
14:09 of 3rd period - Minor Penalty to Justin Faulk for Hooking.
14:10 of 3rd period - Nazem Kadri wins face-off versus Michael Frolik in Flames zone.
14:40 of 3rd period - Jacob Trouba is hit by Nazem Kadri and loses puck.
16:01 of 3rd period - Manny Malhotra is hit by Scott Hartnell and loses puck.
16:09 of 3rd period - Penalty to Justin Faulk is over, Justin Faulk is back on ice.
16:40 of 3rd period - Wrist shot by Justin Schultz.
16:40 of 3rd period - Deflect By Brad Richards.
16:40 of 3rd period - Stopped by Michael Hutchinson without a rebound.
16:41 of 3rd period - Mikael Backlund wins face-off versus Kyle Chipchura in Flames zone.
16:46 of 3rd period - Wrist shot by Charlie Coyle.
16:46 of 3rd period - Shot Blocked by Nikita Nikitin.
17:02 of 3rd period - Backhand shot by Justin Schultz.
17:02 of 3rd period - Shot Misses the Net.
17:04 of 3rd period - Slapshot by Justin Schultz.
17:04 of 3rd period - Stopped by Michael Hutchinson with a rebound.
17:26 of 3rd period - Snap shot by Brad Richards.
17:26 of 3rd period - Stopped by Michael Hutchinson with a rebound.
18:23 of 3rd period - Snap shot by Kyle Okposo.
18:23 of 3rd period - Shot Misses the Net.
18:43 of 3rd period - Snap shot by Phil Kessel.
18:43 of 3rd period - Stopped by Michael Hutchinson with a rebound.
18:49 of 3rd period - Michael Frolik is hit by Justin Schultz.
19:04 of 3rd period - Nikita Nikitin is hit by Justin Faulk and loses puck.
19:29 of 3rd period - Reilly Smith is hit by Charlie Coyle and loses puck.
Goals for this period are 2 for Senators vs 0 for Flames.
Shots for this period are 14 for Senators vs 15 for Flames.


Output by the SimonT Hockey Simulator (STHS) for Eric Dolegowski -- Original Page W3C XHTML 1.0 Valid
Hockey Simulator - Hockey Simulation - Hockey Manager